 Dungeon Crawl Stone Soup version 0.20-a0-927-g1ae2c61 (webtiles) character file.

39 jrtrd the Slasher (level 3, 0/19 HPs)
             Began as a Vine Stalker Abyssal Knight on Mar 28, 2017.
             Was a Follower of Lugonu.
             Succumbed to an adder's poison
             ... on level 2 of the Dungeon.
             The game lasted 00:06:42 (634 turns).

jrtrd the Slasher (Vine Stalker Abyssal Knight)      Turns: 634, Time: 00:06:43

Health: 0/19       AC:  5    Str: 13    XL:     3   Next: 45%
Magic:  3/5        EV: 10    Int: 12    God:    Lugonu [*.....]
Gold:   25         SH:  0    Dex: 13    Spells: 2/2 levels left

rFire    . . .     SeeInvis .   a - +1 falchion
rCold    . . .     Gourm    .   (no shield)
rNeg     . . .     Faith    .   m - +0 ring mail
rPois    .         Spirit   +   (no helmet)
rElec    .         Reflect  .   (no cloak)
rCorr    .         Harm     .   (no gloves)
MR       .....                  (no boots)
Stlth    +.........             (no amulet)
Regen    0.1/turn               e - -2 ring of strength (curse)
MPRegen  0.1/turn               (no ring)

@: lethally poisoned (0 -> -4), very slightly contaminated, hasted (expiring),
very quick
A: fangs 2, magic shield, antimagic bite, no potion heal 3, rot immunity
a: Depart the Abyss, Renounce Religion


You were on level 2 of the Dungeon.
You worshipped Lugonu.
Lugonu was aware of your devotion.
You were not hungry.

You visited 1 branch of the dungeon, and saw 3 of its levels.
You visited the Abyss 1 time.

You collected 25 gold pieces.

Inventory:

Hand Weapons
 a - a +1 falchion (weapon)
Missiles
 f - a throwing net (quivered)
Armour
 b - a +0 leather armour
 m - a +0 ring mail (worn)
Jewellery
 e - a cursed -2 ring of strength (left hand)
Scrolls
 h - a scroll of magic mapping {unknown}
 i - a scroll of enchant armour {unknown}
 k - a scroll of identify {unknown}
Comestibles
 c - 2 bread rations


   Skills:
 - Level 2.6 Fighting
 + Level 3.3 Long Blades
 - Level 1.5 Armour
 - Level 0.7 Dodging
 - Level 1.7 Invocations


You had 2 spell levels left.
You didn't know any spells.

Dungeon Overview and Level Annotations

Branches:
Dungeon (3/15)

Altars:
Ashenzari


Innate Abilities, Weirdness & Mutations

You have extremely sharp teeth.
When hurt, damage is shared between your health and your magic reserves.
Your bite disrupts and absorbs the magic of your enemies.
Potions cannot restore your health.
You are immune to rotting.


Message History

The adder is moderately wounded.
The adder closely misses you.
You closely miss the adder. Your bite misses the adder.
The adder is moderately wounded.
The adder bites you.
* * * LOW HITPOINT WARNING * * *
You hit the adder. Your bite misses the adder.
The adder is almost dead.
* * * LOW HITPOINT WARNING * * *
You feel sick. The adder misses you.
You riposte.
You hit the adder.
You kill the adder!
Lugonu accepts your kill.
You aren't carrying any potions.
Okay, then.
As you read the scroll labeled KUCVEGY ZICANT, it crumbles to dust.
The scroll dissolves into smoke.
It was a scroll of fog.
You see here a throwing net.
f - a throwing net Your extra speed is starting to run out.
You die...

............#.##...#
#.#.#
...............+...+
..#.#
............#.##...#
#.#.# #
............#.##...#
####.####
.........#†...##$..#
#......)'
.........#....##...#
#.##.####
..../....#.§§§##...#
# #.# #
.........#.§§§##...#
#.# #
........(+.§§@# #.#
.........##+#§# #.#
######### #§# #.#
#§# .. #§# #§# #.#
#.. ###


There were no monsters in sight!

Vanquished Creatures
  2 adders (D:2)
  2 giant cockroaches (D:1)
  3 hobgoblins
  2 jackals (D:2)
  A quokka (D:2)
  2 bats (D:2)
  3 frilled lizards
  3 goblins
  2 kobolds (D:1)
20 creatures vanquished.

Notes
Turn   | Place    | Note
-------+----------+-------------------------------------------
     0 | Abyss:1  | jrtrd the Vine Stalker Abyssal Knight began the quest for the Orb.
     0 | Abyss:1  | Reached XP level 1. HP: 11/11 MP: 3/3
    65 | Abyss:2  | Noticed an orange demon
    67 | D:1      | Escaped the Abyss
   133 | D:1      | Reached skill level 2 in Long Blades
   183 | D:2      | Found a faded altar of an unknown god.
   258 | D:1      | Reached * piety under Lugonu
   258 | D:1      | Reached XP level 2. HP: 9/16 MP: 4/4
   266 | D:1      | Found a shattered altar of Ashenzari.
   608 | D:2      | Reached skill level 3 in Long Blades
   608 | D:2      | Reached XP level 3. HP: 12/19 MP: 2/5
   634 | D:2      | Succumbed to an adder's poison

Vault maps used:
D:1:      dpeg_arrival_court, ashenzari_altar_1
D:2:      chequers_ecumenical_altar_simple_redux, first_bread
D:3:      cheibrodos_greedy_goblins

Skill      XL: |  1  2 |
---------------+-------+-----
Long Blades    | 2 3 |  3.3
Fighting       | |  2.6
Armour         | |  1.5
Dodging        | |  0.7
Invocations    | |  1.7

Action                   || total
-------------------------++-------
Melee: Falchion          ||    70
       Bite              ||    11
Throw: Throwing net      ||     1
Invok: Depart the Abyss  ||     1
  Use: Potion            ||     2
       Scroll            ||     2
 Stab: Sleeping          ||     1
Armor: Leather armour    ||     8
       Ring mail         ||    17
Dodge: Dodged            ||    41
       Rpst.: Falchion   ||    14
